 Dungeon Crawl Stone Soup version 0.27.0-1-g7a089689b8 (webtiles) character file.

Game seed: 12631589910187701807

55 Ozzies the Skirmisher (level 3, -8/36 HPs)
             Began as a Minotaur Fighter on Aug 2, 2021.
             Killed by nerve-wracking pain
             ... invoked by Grinder
              (11 damage)
             ... on level 3 of the Dungeon.
             The game lasted 00:01:56 (1750 turns).

Ozzies the Skirmisher (Minotaur Fighter)            Turns: 1750, Time: 00:01:56

Health: -8/36      AC:  6    Str: 21    XL:     3   Next: 67%
Magic:  2/2        EV:  7    Int:  5    God:
Gold:   130        SH:  9    Dex:  9    Spells: 2/2 levels left

rFire    . . .     SeeInvis .   a - +0 flail
rCold    . . .     Faith    .   c - +0 kite shield
rNeg     . . .     Spirit   .   b - +0 scale mail
rPois    .         Reflect  .   (helmet restricted)
rElec    .         Harm     .   (no cloak)
rCorr    .         Rampage  .   (no gloves)
Will     .....                  (no boots)
Stlth    ..........             (no amulet)
HPRegen  0.12/turn              (no ring)
MPRegen  0.08/turn              (no ring)

@: no status effects
A: horns 2, retaliatory headbutt
a: no special abilities


You were on level 3 of the Dungeon.
You visited 1 branch of the dungeon, and saw 3 of its levels.

You collected 130 gold pieces.

Inventory:

Hand Weapons
 a - a +0 flail (weapon)
Missiles
 h - 8 curare-tipped darts (quivered)
Armour
 b - a +0 scale mail (worn)
 c - a +0 kite shield (worn)
Scrolls
 f - 2 scrolls of identify {unknown}
 g - 2 scrolls of immolation {unknown}
 i - a scroll of enchant weapon {unknown}
 j - a scroll of blinking {unknown}
 l - a scroll of acquirement {unknown}
 m - a scroll of noise {unknown}
Potions
 d - a potion of might {@q3 !q}
 e - 2 potions of flight {unknown}
 k - a potion of berserk rage {unknown}
 n - a potion of curing {unknown}


   Skills:
 * Level 5.1 Fighting
 + Level 3.4 Maces & Flails
 - Level 3.6 Armour
 - Level 3.6 Shields


You had 2 spell levels left.
You didn't know any spells.
Your spell library contained the following spells:

 Spells                   Type           Power      Damage    Failure   Level
 Freeze                   Ice            0%         1d3       99%         1
 Frozen Ramparts          Ice            0%         1d2       100%        3
 Hailstorm                Conj/Ice       0%         3d3       100%        4


Dungeon Overview and Level Annotations

Branches:
Dungeon (3/15)

Altars:
Yredelemnul

Annotations:
D:3 Grinder


Innate Abilities, Weirdness & Mutations

You have a pair of horns on your head.
You reflexively headbutt those who attack you in melee.


Message History

No target in view!
No target in view!
No target in view!
HP restored.
Things that are here:
a +0 whip; 5 stones; a kobold corpse Done exploring.
Done exploring.
Done exploring.
Done exploring.
Search for what [Enter for "."]? .
Search for what [Enter for "."]? ..
(D) Dungeon
Where to? (Enter - D:2, ? - help)
Things that are here:
a +0 short sword; 4 stones; a kobold corpse
There is a stone staircase leading down here.
You climb downwards.
A kobold comes into view. It is wielding a +0 whip.
The kobold shouts!
You hear a shout!
The kobold moves out of view.
Found a stone staircase leading down.
There is a stone staircase leading up here.
A worm comes into view.
There are monsters nearby!
There are monsters nearby!
An endoplasm comes into view.
The endoplasm quivers.
You hit the kobold. You headbutt the kobold.
You kill the kobold!
Grinder comes into view.
Grinder shouts!
There are monsters nearby!
There is a stone staircase leading up here.
Grinder blinks!
You block the worm's attack.
You climb upwards.
There is a stone staircase leading down here.
You barely miss the worm. You headbutt the worm!
The worm is heavily wounded.
You barely miss the worm.
The worm is heavily wounded.
The worm misses you.
You barely miss the worm.
The worm is heavily wounded.
The worm bites you but does no damage.
You thump the worm!
You kill the worm!
No target in view!
No target in view!
No target in view!
No target in view!
No target in view!
No target in view!
No target in view!
No target in view!
No target in view!
No target in view!
You climb downwards.
Level annotation: Grinder
There is a stone staircase leading up here.
An endoplasm is nearby!
You hit the endoplasm but do no damage. You headbutt the endoplasm.
You kill the endoplasm!
Grinder gestures at you. Pain shoots through your body! Grinder hits you.
You writhe in agony.
You closely miss Grinder. You headbutt Grinder.
Grinder is lightly wounded.
Grinder gestures at you. Pain shoots through your body!
Grinder hits you but does no damage.
You are too injured to fight recklessly!
You are too injured to fight recklessly!
You are too injured to fight recklessly!
You are too injured to fight recklessly!
You are too injured to fight recklessly!
You are too injured to fight recklessly!
You barely miss Grinder. Your headbutt misses Grinder.
Grinder is lightly wounded.
Grinder barely misses you.
You closely miss Grinder. Your headbutt misses Grinder.
Grinder is lightly wounded.
Grinder hits you.
* * * LOW HITPOINT WARNING * * *
Grinder gestures at you.
You suddenly lose the ability to move!
Grinder gestures at you. Pain shoots through your body!
* * * LOW HITPOINT WARNING * * *
Grinder hits you but does no damage.
You can move again.
You hit Grinder. Your headbutt misses Grinder.
Grinder is moderately wounded.
Grinder barely misses you. You furiously retaliate!
You headbutt Grinder, but do no damage. You hit Grinder.
Grinder is heavily wounded.
Grinder gestures at you. Pain shoots through your body!
You die...

.# .. .# ...
.# #
...#######.#
.# .......#.#
. .##
+.......# ...
...
#...#.#.#.....
###
#....@5......
#...####.....
#<...........
###........ .
#...)......
######
#.#...#..#.
......
#.......>.#
###### ##
.#..##.# .# ..
... #


You could see Grinder.

Vanquished Creatures
  A worm (D:2)
  2 dart slugs
  8 endoplasms
  3 hobgoblins
  4 jackals (D:3)
  2 quokkas
  4 ball pythons (D:1)
  A bat (D:2)
  A frilled lizard (D:2)
  6 goblins
  7 kobolds
  3 rats
42 creatures vanquished.

Notes
Turn   | Place    | Note
-------+----------+-------------------------------------------
     0 | D:1      | Ozzies the Minotaur Fighter began the quest for the Orb.
     0 | D:1      | Reached XP level 1. HP: 19/19 MP: 0/0
   279 | D:1      | Reached skill level 4 in Fighting
   426 | D:1      | Found a faded altar of an unknown god.
   448 | D:1      | Reached XP level 2. HP: 27/27 MP: 1/1
   984 | D:2      | Reached XP level 3. HP: 34/34 MP: 2/2
  1038 | D:2      | You fall into a shaft and drop 1 floor!
  1334 | D:2      | Found a basalt altar of Yredelemnul.
  1584 | D:2      | Reached skill level 5 in Fighting
  1726 | D:3      | Noticed Grinder
  1746 | D:3      | Paralysed by Grinder for 3 turns
  1750 | D:3      | Killed from afar by Grinder

Illustrated notes

Levels and vault maps discovered:
D:1:      dpeg_arrival_windows_large_door, layout_basic,
          chequers_ecumenical_altar_island, hangedman_decor_points
D:2:      layout_loops_cross, basic_altar, corexii_hall_statues_t
D:3:      layout_basic, mainiacjoe_overflow_divided_tiny, uniq_grinder,
          uniq_sigmund

Skill      XL: |  1  2  3 |
---------------+----------+-----
Fighting       | 4 5 |  5.1
Maces & Flails | 3 |  3.4
Armour         | |  3.6
Shields        | |  3.6

Action                   || total
-------------------------++-------
Melee: Flail             ||    86
       Headbutt          ||    13
Armor: Scale mail        ||    30
Dodge: Dodged            ||    25
Block: Kite shield       ||    43
